Workbook

Sheet Resumen
A1: Resumen
A2: Todo aquí suma las pestañas de cada país.
A4: Tipo de cambio | B4: 1 USD = | C4: 18.5 | D4: MXN
A5: Total combinado en | B5: MXN
B7: ='México (MXN)'!A1 -> México (MXN) | E7: ='Estados Unidos (USD)'!A1 -> Estados Unidos (USD) | H7: ="Ambos países, en "&$B$5 -> Ambos países, en MXN
A8: Mes | B8: Ingresos | C8: Gastos | D8: Sobrante | E8: Ingresos | F8: Gastos | G8: Sobrante | H8: Ingresos | I8: Gastos | J8: Sobrante | K8: Sobrante acumulado
A9: Ene | B9: ='México (MXN)'!D33 -> 32000 | C9: ='México (MXN)'!D34 -> 37450 | D9: =B9-C9 -> -5450 | E9: ='Estados Unidos (USD)'!D28 -> 6500 | F9: ='Estados Unidos (USD)'!D29 -> 4875 | G9: =E9-F9 -> 1625 | H9: =IF($B$5=$D$4,B9+E9*$C$4,B9/$C$4+E9) -> 152250 | I9: =IF($B$5=$D$4,C9+F9*$C$4,C9/$C$4+F9) -> 127637.5 | J9: =H9-I9 -> 24612.5 | K9: =SUM($J$9:J9) -> 24612.5
A10: Feb | B10: ='México (MXN)'!E33 -> 32000 | C10: ='México (MXN)'!E34 -> 28900 | D10: =B10-C10 -> 3100 | E10: ='Estados Unidos (USD)'!E28 -> 6500 | F10: ='Estados Unidos (USD)'!E29 -> 4875 | G10: =E10-F10 -> 1625 | H10: =IF($B$5=$D$4,B10+E10*$C$4,B10/$C$4+E10) -> 152250 | I10: =IF($B$5=$D$4,C10+F10*$C$4,C10/$C$4+F10) -> 119087.5 | J10: =H10-I10 -> 33162.5 | K10: =SUM($J$9:J10) -> 57775
A11: Mar | B11: ='México (MXN)'!F33 -> 32000 | C11: ='México (MXN)'!F34 -> 28450 | D11: =B11-C11 -> 3550 | E11: ='Estados Unidos (USD)'!F28 -> 6500 | F11: ='Estados Unidos (USD)'!F29 -> 4875 | G11: =E11-F11 -> 1625 | H11: =IF($B$5=$D$4,B11+E11*$C$4,B11/$C$4+E11) -> 152250 | I11: =IF($B$5=$D$4,C11+F11*$C$4,C11/$C$4+F11) -> 118637.5 | J11: =H11-I11 -> 33612.5 | K11: =SUM($J$9:J11) -> 91387.5
A12: Abr | B12: ='México (MXN)'!G33 -> 32000 | C12: ='México (MXN)'!G34 -> 28900 | D12: =B12-C12 -> 3100 | E12: ='Estados Unidos (USD)'!G28 -> 7400 | F12: ='Estados Unidos (USD)'!G29 -> 4875 | G12: =E12-F12 -> 2525 | H12: =IF($B$5=$D$4,B12+E12*$C$4,B12/$C$4+E12) -> 168900 | I12: =IF($B$5=$D$4,C12+F12*$C$4,C12/$C$4+F12) -> 119087.5 | J12: =H12-I12 -> 49812.5 | K12: =SUM($J$9:J12) -> 141200
A13: May | B13: ='México (MXN)'!H33 -> 38000 | C13: ='México (MXN)'!H34 -> 28450 | D13: =B13-C13 -> 9550 | E13: ='Estados Unidos (USD)'!H28 -> 6500 | F13: ='Estados Unidos (USD)'!H29 -> 4875 | G13: =E13-F13 -> 1625 | H13: =IF($B$5=$D$4,B13+E13*$C$4,B13/$C$4+E13) -> 158250 | I13: =IF($B$5=$D$4,C13+F13*$C$4,C13/$C$4+F13) -> 118637.5 | J13: =H13-I13 -> 39612.5 | K13: =SUM($J$9:J13) -> 180812.5
A14: Jun | B14: ='México (MXN)'!I33 -> 32000 | C14: ='México (MXN)'!I34 -> 28900 | D14: =B14-C14 -> 3100 | E14: ='Estados Unidos (USD)'!I28 -> 6500 | F14: ='Estados Unidos (USD)'!I29 -> 4875 | G14: =E14-F14 -> 1625 | H14: =IF($B$5=$D$4,B14+E14*$C$4,B14/$C$4+E14) -> 152250 | I14: =IF($B$5=$D$4,C14+F14*$C$4,C14/$C$4+F14) -> 119087.5 | J14: =H14-I14 -> 33162.5 | K14: =SUM($J$9:J14) -> 213975
A15: Jul | B15: ='México (MXN)'!J33 -> 34700 | C15: ='México (MXN)'!J34 -> 27250 | D15: =B15-C15 -> 7450 | E15: ='Estados Unidos (USD)'!J28 -> 6500 | F15: ='Estados Unidos (USD)'!J29 -> 4875 | G15: =E15-F15 -> 1625 | H15: =IF($B$5=$D$4,B15+E15*$C$4,B15/$C$4+E15) -> 154950 | I15: =IF($B$5=$D$4,C15+F15*$C$4,C15/$C$4+F15) -> 117437.5 | J15: =H15-I15 -> 37512.5 | K15: =SUM($J$9:J15) -> 251487.5
A16: Ago | B16: ='México (MXN)'!K33 -> 32000 | C16: ='México (MXN)'!K34 -> 27700 | D16: =B16-C16 -> 4300 | E16: ='Estados Unidos (USD)'!K28 -> 6500 | F16: ='Estados Unidos (USD)'!K29 -> 4875 | G16: =E16-F16 -> 1625 | H16: =IF($B$5=$D$4,B16+E16*$C$4,B16/$C$4+E16) -> 152250 | I16: =IF($B$5=$D$4,C16+F16*$C$4,C16/$C$4+F16) -> 117887.5 | J16: =H16-I16 -> 34362.5 | K16: =SUM($J$9:J16) -> 285850
A17: Sep | B17: ='México (MXN)'!L33 -> 32000 | C17: ='México (MXN)'!L34 -> 27250 | D17: =B17-C17 -> 4750 | E17: ='Estados Unidos (USD)'!L28 -> 6500 | F17: ='Estados Unidos (USD)'!L29 -> 4875 | G17: =E17-F17 -> 1625 | H17: =IF($B$5=$D$4,B17+E17*$C$4,B17/$C$4+E17) -> 152250 | I17: =IF($B$5=$D$4,C17+F17*$C$4,C17/$C$4+F17) -> 117437.5 | J17: =H17-I17 -> 34812.5 | K17: =SUM($J$9:J17) -> 320662.5
A18: Oct | B18: ='México (MXN)'!M33 -> 32000 | C18: ='México (MXN)'!M34 -> 27700 | D18: =B18-C18 -> 4300 | E18: ='Estados Unidos (USD)'!M28 -> 6500 | F18: ='Estados Unidos (USD)'!M29 -> 6075 | G18: =E18-F18 -> 425 | H18: =IF($B$5=$D$4,B18+E18*$C$4,B18/$C$4+E18) -> 152250 | I18: =IF($B$5=$D$4,C18+F18*$C$4,C18/$C$4+F18) -> 140087.5 | J18: =H18-I18 -> 12162.5 | K18: =SUM($J$9:J18) -> 332825
A19: Nov | B19: ='México (MXN)'!N33 -> 32000 | C19: ='México (MXN)'!N34 -> 27250 | D19: =B19-C19 -> 4750 | E19: ='Estados Unidos (USD)'!N28 -> 6500 | F19: ='Estados Unidos (USD)'!N29 -> 4875 | G19: =E19-F19 -> 1625 | H19: =IF($B$5=$D$4,B19+E19*$C$4,B19/$C$4+E19) -> 152250 | I19: =IF($B$5=$D$4,C19+F19*$C$4,C19/$C$4+F19) -> 117437.5 | J19: =H19-I19 -> 34812.5 | K19: =SUM($J$9:J19) -> 367637.5
A20: Dic | B20: ='México (MXN)'!O33 -> 48000 | C20: ='México (MXN)'!O34 -> 27700 | D20: =B20-C20 -> 20300 | E20: ='Estados Unidos (USD)'!O28 -> 6500 | F20: ='Estados Unidos (USD)'!O29 -> 4875 | G20: =E20-F20 -> 1625 | H20: =IF($B$5=$D$4,B20+E20*$C$4,B20/$C$4+E20) -> 168250 | I20: =IF($B$5=$D$4,C20+F20*$C$4,C20/$C$4+F20) -> 117887.5 | J20: =H20-I20 -> 50362.5 | K20: =SUM($J$9:J20) -> 418000
A21: Año | B21: =SUM(B9:B20) -> 408700 | C21: =SUM(C9:C20) -> 345900 | D21: =SUM(D9:D20) -> 62800 | E21: =SUM(E9:E20) -> 78900 | F21: =SUM(F9:F20) -> 59700 | G21: =SUM(G9:G20) -> 19200 | H21: =SUM(H9:H20) -> 1868350 | I21: =SUM(I9:I20) -> 1450350 | J21: =SUM(J9:J20) -> 418000
A22: Sobrante, % de los ingresos | D22: =IF(B21=0,0,D21/B21) -> 0.15365794 | G22: =IF(E21=0,0,G21/E21) -> 0.24334601 | J22: =IF(H21=0,0,J21/H21) -> 0.22372682
A24: Gastos por grupo | B24: ='México (MXN)'!A1 -> México (MXN) | C24: % | E24: ='Estados Unidos (USD)'!A1 -> Estados Unidos (USD) | F24: %
A25: Vivienda | B25: =SUMIFS('México (MXN)'!$P$5:$P$32,'México (MXN)'!$A$5:$A$32,$A25,'México (MXN)'!$C$5:$C$32,"Gasto") -> 118800 | C25: =IF($C$21=0,0,B25/$C$21) -> 0.34345186 | E25: =SUMIFS('Estados Unidos (USD)'!$P$5:$P$27,'Estados Unidos (USD)'!$A$5:$A$27,$A25,'Estados Unidos (USD)'!$C$5:$C$27,"Gasto") -> 22980 | F25: =IF($F$21=0,0,E25/$F$21) -> 0.38492462
A26: Servicios | B26: =SUMIFS('México (MXN)'!$P$5:$P$32,'México (MXN)'!$A$5:$A$32,$A26,'México (MXN)'!$C$5:$C$32,"Gasto") -> 26100 | C26: =IF($C$21=0,0,B26/$C$21) -> 0.075455334 | E26: =SUMIFS('Estados Unidos (USD)'!$P$5:$P$27,'Estados Unidos (USD)'!$A$5:$A$27,$A26,'Estados Unidos (USD)'!$C$5:$C$27,"Gasto") -> 3120 | F26: =IF($F$21=0,0,E26/$F$21) -> 0.052261307
A27: Comida | B27: =SUMIFS('México (MXN)'!$P$5:$P$32,'México (MXN)'!$A$5:$A$32,$A27,'México (MXN)'!$C$5:$C$32,"Gasto") -> 72000 | C27: =IF($C$21=0,0,B27/$C$21) -> 0.20815265 | E27: =SUMIFS('Estados Unidos (USD)'!$P$5:$P$27,'Estados Unidos (USD)'!$A$5:$A$27,$A27,'Estados Unidos (USD)'!$C$5:$C$27,"Gasto") -> 10200 | F27: =IF($F$21=0,0,E27/$F$21) -> 0.17085427
A28: Transporte | B28: =SUMIFS('México (MXN)'!$P$5:$P$32,'México (MXN)'!$A$5:$A$32,$A28,'México (MXN)'!$C$5:$C$32,"Gasto") -> 31800 | C28: =IF($C$21=0,0,B28/$C$21) -> 0.091934085 | E28: =SUMIFS('Estados Unidos (USD)'!$P$5:$P$27,'Estados Unidos (USD)'!$A$5:$A$27,$A28,'Estados Unidos (USD)'!$C$5:$C$27,"Gasto") -> 8160 | F28: =IF($F$21=0,0,E28/$F$21) -> 0.13668342
A29: Salud | B29: =SUMIFS('México (MXN)'!$P$5:$P$32,'México (MXN)'!$A$5:$A$32,$A29,'México (MXN)'!$C$5:$C$32,"Gasto") -> 18000 | C29: =IF($C$21=0,0,B29/$C$21) -> 0.052038161 | E29: =SUMIFS('Estados Unidos (USD)'!$P$5:$P$27,'Estados Unidos (USD)'!$A$5:$A$27,$A29,'Estados Unidos (USD)'!$C$5:$C$27,"Gasto") -> 2640 | F29: =IF($F$21=0,0,E29/$F$21) -> 0.044221106
A30: Familia | B30: =SUMIFS('México (MXN)'!$P$5:$P$32,'México (MXN)'!$A$5:$A$32,$A30,'México (MXN)'!$C$5:$C$32,"Gasto") -> 30000 | C30: =IF($C$21=0,0,B30/$C$21) -> 0.086730269 | E30: =SUMIFS('Estados Unidos (USD)'!$P$5:$P$27,'Estados Unidos (USD)'!$A$5:$A$27,$A30,'Estados Unidos (USD)'!$C$5:$C$27,"Gasto") -> 3600 | F30: =IF($F$21=0,0,E30/$F$21) -> 0.060301508
A31: Deudas | B31: =SUMIFS('México (MXN)'!$P$5:$P$32,'México (MXN)'!$A$5:$A$32,$A31,'México (MXN)'!$C$5:$C$32,"Gasto") -> 7200 | C31: =IF($C$21=0,0,B31/$C$21) -> 0.020815265 | E31: =SUMIFS('Estados Unidos (USD)'!$P$5:$P$27,'Estados Unidos (USD)'!$A$5:$A$27,$A31,'Estados Unidos (USD)'!$C$5:$C$27,"Gasto") -> 3000 | F31: =IF($F$21=0,0,E31/$F$21) -> 0.050251256
A32: Ahorro y metas | B32: =SUMIFS('México (MXN)'!$P$5:$P$32,'México (MXN)'!$A$5:$A$32,$A32,'México (MXN)'!$C$5:$C$32,"Gasto") -> 42000 | C32: =IF($C$21=0,0,B32/$C$21) -> 0.12142238 | E32: =SUMIFS('Estados Unidos (USD)'!$P$5:$P$27,'Estados Unidos (USD)'!$A$5:$A$27,$A32,'Estados Unidos (USD)'!$C$5:$C$27,"Gasto") -> 6000 | F32: =IF($F$21=0,0,E32/$F$21) -> 0.10050251
A33: Otros | B33: =SUMIFS('México (MXN)'!$P$5:$P$32,'México (MXN)'!$A$5:$A$32,$A33,'México (MXN)'!$C$5:$C$32,"Gasto") -> 0 | C33: =IF($C$21=0,0,B33/$C$21) -> 0 | E33: =SUMIFS('Estados Unidos (USD)'!$P$5:$P$27,'Estados Unidos (USD)'!$A$5:$A$27,$A33,'Estados Unidos (USD)'!$C$5:$C$27,"Gasto") -> 0 | F33: =IF($F$21=0,0,E33/$F$21) -> 0

Sheet México (MXN)
A1: México (MXN)
A2: Las cifras en azul son de ejemplo. Cámbialas por las tuyas.
A4: Grupo | B4: Concepto | C4: Tipo | D4: Ene | E4: Feb | F4: Mar | G4: Abr | H4: May | I4: Jun | J4: Jul | K4: Ago | L4: Sep | M4: Oct | N4: Nov | O4: Dic | P4: Total | Q4: Notas
A5: Ingresos | B5: Sueldo | C5: Ingreso | D5: 32000 | E5: 32000 | F5: 32000 | G5: 32000 | H5: 32000 | I5: 32000 | J5: 32000 | K5: 32000 | L5: 32000 | M5: 32000 | N5: 32000 | O5: 32000 | P5: =SUM(D5:O5) -> 384000
A6: Ingresos | B6: Aguinaldo | C6: Ingreso | O6: 16000 | P6: =SUM(D6:O6) -> 16000 | Q6: Al menos 15 días de sueldo
A7: Ingresos | B7: Prima vacacional | C7: Ingreso | J7: 2700 | P7: =SUM(D7:O7) -> 2700
A8: Ingresos | B8: Reparto de utilidades (PTU) | C8: Ingreso | H8: 6000 | P8: =SUM(D8:O8) -> 6000 | Q8: Se paga en mayo
A9: Ingresos | B9: Ingreso extra | C9: Ingreso | P9: =SUM(D9:O9) -> 0
A10: Vivienda | B10: Renta | C10: Gasto | D10: 9000 | E10: 9000 | F10: 9000 | G10: 9000 | H10: 9000 | I10: 9000 | J10: 9000 | K10: 9000 | L10: 9000 | M10: 9000 | N10: 9000 | O10: 9000 | P10: =SUM(D10:O10) -> 108000
A11: Vivienda | B11: Mantenimiento | C11: Gasto | D11: 900 | E11: 900 | F11: 900 | G11: 900 | H11: 900 | I11: 900 | J11: 900 | K11: 900 | L11: 900 | M11: 900 | N11: 900 | O11: 900 | P11: =SUM(D11:O11) -> 10800
A12: Servicios | B12: Luz | C12: Gasto | E12: 450 | G12: 450 | I12: 450 | K12: 450 | M12: 450 | O12: 450 | P12: =SUM(D12:O12) -> 2700 | Q12: Llega cada dos meses
A13: Servicios | B13: Agua | C13: Gasto | D13: 200 | E13: 200 | F13: 200 | G13: 200 | H13: 200 | I13: 200 | J13: 200 | K13: 200 | L13: 200 | M13: 200 | N13: 200 | O13: 200 | P13: =SUM(D13:O13) -> 2400
A14: Servicios | B14: Gas | C14: Gasto | D14: 600 | E14: 600 | F14: 600 | G14: 600 | H14: 600 | I14: 600 | J14: 600 | K14: 600 | L14: 600 | M14: 600 | N14: 600 | O14: 600 | P14: =SUM(D14:O14) -> 7200
A15: Servicios | B15: Internet | C15: Gasto | D15: 500 | E15: 500 | F15: 500 | G15: 500 | H15: 500 | I15: 500 | J15: 500 | K15: 500 | L15: 500 | M15: 500 | N15: 500 | O15: 500 | P15: =SUM(D15:O15) -> 6000
A16: Servicios | B16: Plan de celular | C16: Gasto | D16: 350 | E16: 350 | F16: 350 | G16: 350 | H16: 350 | I16: 350 | J16: 350 | K16: 350 | L16: 350 | M16: 350 | N16: 350 | O16: 350 | P16: =SUM(D16:O16) -> 4200
A17: Servicios | B17: Streaming | C17: Gasto | D17: 300 | E17: 300 | F17: 300 | G17: 300 | H17: 300 | I17: 300 | J17: 300 | K17: 300 | L17: 300 | M17: 300 | N17: 300 | O17: 300 | P17: =SUM(D17:O17) -> 3600
A18: Comida | B18: Súper | C18: Gasto | D18: 4500 | E18: 4500 | F18: 4500 | G18: 4500 | H18: 4500 | I18: 4500 | J18: 4500 | K18: 4500 | L18: 4500 | M18: 4500 | N18: 4500 | O18: 4500 | P18: =SUM(D18:O18) -> 54000
A19: Comida | B19: Comer fuera | C19: Gasto | D19: 1500 | E19: 1500 | F19: 1500 | G19: 1500 | H19: 1500 | I19: 1500 | J19: 1500 | K19: 1500 | L19: 1500 | M19: 1500 | N19: 1500 | O19: 1500 | P19: =SUM(D19:O19) -> 18000
A20: Transporte | B20: Gasolina | C20: Gasto | D20: 1500 | E20: 1500 | F20: 1500 | G20: 1500 | H20: 1500 | I20: 1500 | J20: 1500 | K20: 1500 | L20: 1500 | M20: 1500 | N20: 1500 | O20: 1500 | P20: =SUM(D20:O20) -> 18000
A21: Transporte | B21: Seguro del auto | C21: Gasto | D21: 9000 | P21: =SUM(D21:O21) -> 9000 | Q21: Pago anual
A22: Transporte | B22: Uber y taxis | C22: Gasto | D22: 400 | E22: 400 | F22: 400 | G22: 400 | H22: 400 | I22: 400 | J22: 400 | K22: 400 | L22: 400 | M22: 400 | N22: 400 | O22: 400 | P22: =SUM(D22:O22) -> 4800
A23: Salud | B23: Seguro de gastos médicos | C23: Gasto | D23: 1200 | E23: 1200 | F23: 1200 | G23: 1200 | H23: 1200 | I23: 1200 | J23: 1200 | K23: 1200 | L23: 1200 | M23: 1200 | N23: 1200 | O23: 1200 | P23: =SUM(D23:O23) -> 14400
A24: Salud | B24: Farmacia | C24: Gasto | D24: 300 | E24: 300 | F24: 300 | G24: 300 | H24: 300 | I24: 300 | J24: 300 | K24: 300 | L24: 300 | M24: 300 | N24: 300 | O24: 300 | P24: =SUM(D24:O24) -> 3600
A25: Familia | B25: Apoyo a mis papás | C25: Gasto | D25: 2500 | E25: 2500 | F25: 2500 | G25: 2500 | H25: 2500 | I25: 2500 | J25: 2500 | K25: 2500 | L25: 2500 | M25: 2500 | N25: 2500 | O25: 2500 | P25: =SUM(D25:O25) -> 30000
A26: Deudas | B26: Meses sin intereses | C26: Gasto | D26: 1200 | E26: 1200 | F26: 1200 | G26: 1200 | H26: 1200 | I26: 1200 | P26: =SUM(D26:O26) -> 7200 | Q26: Termina en junio
A27: Ahorro y metas | B27: Fondo de emergencia | C27: Gasto | D27: 2000 | E27: 2000 | F27: 2000 | G27: 2000 | H27: 2000 | I27: 2000 | J27: 2000 | K27: 2000 | L27: 2000 | M27: 2000 | N27: 2000 | O27: 2000 | P27: =SUM(D27:O27) -> 24000
A28: Ahorro y metas | B28: Vacaciones | C28: Gasto | D28: 1500 | E28: 1500 | F28: 1500 | G28: 1500 | H28: 1500 | I28: 1500 | J28: 1500 | K28: 1500 | L28: 1500 | M28: 1500 | N28: 1500 | O28: 1500 | P28: =SUM(D28:O28) -> 18000
A29: Otros | C29: Gasto | P29: =SUM(D29:O29) -> 0
A30: Otros | C30: Gasto | P30: =SUM(D30:O30) -> 0
A31: Otros | C31: Gasto | P31: =SUM(D31:O31) -> 0
B33: Total de ingresos | D33: =SUMIF($C$5:$C$32,"Ingreso",D$5:D$32) -> 32000 | E33: =SUMIF($C$5:$C$32,"Ingreso",E$5:E$32) -> 32000 | F33: =SUMIF($C$5:$C$32,"Ingreso",F$5:F$32) -> 32000 | G33: =SUMIF($C$5:$C$32,"Ingreso",G$5:G$32) -> 32000 | H33: =SUMIF($C$5:$C$32,"Ingreso",H$5:H$32) -> 38000 | I33: =SUMIF($C$5:$C$32,"Ingreso",I$5:I$32) -> 32000 | J33: =SUMIF($C$5:$C$32,"Ingreso",J$5:J$32) -> 34700 | K33: =SUMIF($C$5:$C$32,"Ingreso",K$5:K$32) -> 32000 | ... P33: =SUMIF($C$5:$C$32,"Ingreso",P$5:P$32) -> 408700
B34: Total de gastos | D34: =SUMIF($C$5:$C$32,"Gasto",D$5:D$32) -> 37450 | E34: =SUMIF($C$5:$C$32,"Gasto",E$5:E$32) -> 28900 | F34: =SUMIF($C$5:$C$32,"Gasto",F$5:F$32) -> 28450 | G34: =SUMIF($C$5:$C$32,"Gasto",G$5:G$32) -> 28900 | H34: =SUMIF($C$5:$C$32,"Gasto",H$5:H$32) -> 28450 | I34: =SUMIF($C$5:$C$32,"Gasto",I$5:I$32) -> 28900 | J34: =SUMIF($C$5:$C$32,"Gasto",J$5:J$32) -> 27250 | K34: =SUMIF($C$5:$C$32,"Gasto",K$5:K$32) -> 27700 | ... P34: =SUMIF($C$5:$C$32,"Gasto",P$5:P$32) -> 345900
B35: Sobrante | D35: =D33-D34 -> -5450 | E35: =E33-E34 -> 3100 | F35: =F33-F34 -> 3550 | G35: =G33-G34 -> 3100 | H35: =H33-H34 -> 9550 | I35: =I33-I34 -> 3100 | J35: =J33-J34 -> 7450 | K35: =K33-K34 -> 4300 | ... P35: =P33-P34 -> 62800
B36: Sobrante acumulado | D36: =SUM($D$35:D35) -> -5450 | E36: =SUM($D$35:E35) -> -2350 | F36: =SUM($D$35:F35) -> 1200 | G36: =SUM($D$35:G35) -> 4300 | H36: =SUM($D$35:H35) -> 13850 | I36: =SUM($D$35:I35) -> 16950 | J36: =SUM($D$35:J35) -> 24400 | K36: =SUM($D$35:K35) -> 28700 | ... O36: =SUM($D$35:O35) -> 62800

Sheet Estados Unidos (USD)
A1: Estados Unidos (USD)
A2: Las cifras en azul son de ejemplo. Cámbialas por las tuyas.
A4: Grupo | B4: Concepto | C4: Tipo | D4: Ene | E4: Feb | F4: Mar | G4: Abr | H4: May | I4: Jun | J4: Jul | K4: Ago | L4: Sep | M4: Oct | N4: Nov | O4: Dic | P4: Total | Q4: Notas
A5: Ingresos | B5: Sueldo | C5: Ingreso | D5: 6500 | E5: 6500 | F5: 6500 | G5: 6500 | H5: 6500 | I5: 6500 | J5: 6500 | K5: 6500 | L5: 6500 | M5: 6500 | N5: 6500 | O5: 6500 | P5: =SUM(D5:O5) -> 78000
A6: Ingresos | B6: Devolución de impuestos | C6: Ingreso | G6: 900 | P6: =SUM(D6:O6) -> 900
A7: Ingresos | B7: Ingreso extra | C7: Ingreso | P7: =SUM(D7:O7) -> 0
A8: Vivienda | B8: Renta | C8: Gasto | D8: 1900 | E8: 1900 | F8: 1900 | G8: 1900 | H8: 1900 | I8: 1900 | J8: 1900 | K8: 1900 | L8: 1900 | M8: 1900 | N8: 1900 | O8: 1900 | P8: =SUM(D8:O8) -> 22800
A9: Vivienda | B9: Seguro de inquilino | C9: Gasto | D9: 15 | E9: 15 | F9: 15 | G9: 15 | H9: 15 | I9: 15 | J9: 15 | K9: 15 | L9: 15 | M9: 15 | N9: 15 | O9: 15 | P9: =SUM(D9:O9) -> 180
A10: Servicios | B10: Luz | C10: Gasto | D10: 110 | E10: 110 | F10: 110 | G10: 110 | H10: 110 | I10: 110 | J10: 110 | K10: 110 | L10: 110 | M10: 110 | N10: 110 | O10: 110 | P10: =SUM(D10:O10) -> 1320
A11: Servicios | B11: Internet | C11: Gasto | D11: 65 | E11: 65 | F11: 65 | G11: 65 | H11: 65 | I11: 65 | J11: 65 | K11: 65 | L11: 65 | M11: 65 | N11: 65 | O11: 65 | P11: =SUM(D11:O11) -> 780
A12: Servicios | B12: Plan de celular | C12: Gasto | D12: 60 | E12: 60 | F12: 60 | G12: 60 | H12: 60 | I12: 60 | J12: 60 | K12: 60 | L12: 60 | M12: 60 | N12: 60 | O12: 60 | P12: =SUM(D12:O12) -> 720
A13: Servicios | B13: Streaming | C13: Gasto | D13: 25 | E13: 25 | F13: 25 | G13: 25 | H13: 25 | I13: 25 | J13: 25 | K13: 25 | L13: 25 | M13: 25 | N13: 25 | O13: 25 | P13: =SUM(D13:O13) -> 300
A14: Comida | B14: Súper | C14: Gasto | D14: 600 | E14: 600 | F14: 600 | G14: 600 | H14: 600 | I14: 600 | J14: 600 | K14: 600 | L14: 600 | M14: 600 | N14: 600 | O14: 600 | P14: =SUM(D14:O14) -> 7200
A15: Comida | B15: Comer fuera | C15: Gasto | D15: 250 | E15: 250 | F15: 250 | G15: 250 | H15: 250 | I15: 250 | J15: 250 | K15: 250 | L15: 250 | M15: 250 | N15: 250 | O15: 250 | P15: =SUM(D15:O15) -> 3000
A16: Transporte | B16: Pago del auto | C16: Gasto | D16: 380 | E16: 380 | F16: 380 | G16: 380 | H16: 380 | I16: 380 | J16: 380 | K16: 380 | L16: 380 | M16: 380 | N16: 380 | O16: 380 | P16: =SUM(D16:O16) -> 4560
A17: Transporte | B17: Seguro del auto | C17: Gasto | D17: 140 | E17: 140 | F17: 140 | G17: 140 | H17: 140 | I17: 140 | J17: 140 | K17: 140 | L17: 140 | M17: 140 | N17: 140 | O17: 140 | P17: =SUM(D17:O17) -> 1680
A18: Transporte | B18: Gasolina | C18: Gasto | D18: 160 | E18: 160 | F18: 160 | G18: 160 | H18: 160 | I18: 160 | J18: 160 | K18: 160 | L18: 160 | M18: 160 | N18: 160 | O18: 160 | P18: =SUM(D18:O18) -> 1920
A19: Salud | B19: Seguro médico | C19: Gasto | D19: 220 | E19: 220 | F19: 220 | G19: 220 | H19: 220 | I19: 220 | J19: 220 | K19: 220 | L19: 220 | M19: 220 | N19: 220 | O19: 220 | P19: =SUM(D19:O19) -> 2640
... A22: Ahorro y metas | B22: Fondo de emergencia | C22: Gasto | D22: 400 | E22: 400 | F22: 400 | G22: 400 | H22: 400 | I22: 400 | J22: 400 | K22: 400 | L22: 400 | M22: 400 | N22: 400 | O22: 400 | P22: =SUM(D22:O22) -> 4800
A23: Ahorro y metas | B23: Vuelo a México | C23: Gasto | M23: 1200 | P23: =SUM(D23:O23) -> 1200 | Q23: Para el viaje de diciembre
A24: Otros | C24: Gasto | P24: =SUM(D24:O24) -> 0
A25: Otros | C25: Gasto | P25: =SUM(D25:O25) -> 0
A26: Otros | C26: Gasto | P26: =SUM(D26:O26) -> 0
B28: Total de ingresos | D28: =SUMIF($C$5:$C$27,"Ingreso",D$5:D$27) -> 6500 | E28: =SUMIF($C$5:$C$27,"Ingreso",E$5:E$27) -> 6500 | F28: =SUMIF($C$5:$C$27,"Ingreso",F$5:F$27) -> 6500 | G28: =SUMIF($C$5:$C$27,"Ingreso",G$5:G$27) -> 7400 | H28: =SUMIF($C$5:$C$27,"Ingreso",H$5:H$27) -> 6500 | I28: =SUMIF($C$5:$C$27,"Ingreso",I$5:I$27) -> 6500 | J28: =SUMIF($C$5:$C$27,"Ingreso",J$5:J$27) -> 6500 | K28: =SUMIF($C$5:$C$27,"Ingreso",K$5:K$27) -> 6500 | ... P28: =SUMIF($C$5:$C$27,"Ingreso",P$5:P$27) -> 78900
B29: Total de gastos | D29: =SUMIF($C$5:$C$27,"Gasto",D$5:D$27) -> 4875 | E29: =SUMIF($C$5:$C$27,"Gasto",E$5:E$27) -> 4875 | F29: =SUMIF($C$5:$C$27,"Gasto",F$5:F$27) -> 4875 | G29: =SUMIF($C$5:$C$27,"Gasto",G$5:G$27) -> 4875 | H29: =SUMIF($C$5:$C$27,"Gasto",H$5:H$27) -> 4875 | I29: =SUMIF($C$5:$C$27,"Gasto",I$5:I$27) -> 4875 | J29: =SUMIF($C$5:$C$27,"Gasto",J$5:J$27) -> 4875 | K29: =SUMIF($C$5:$C$27,"Gasto",K$5:K$27) -> 4875 | ... P29: =SUMIF($C$5:$C$27,"Gasto",P$5:P$27) -> 59700
B30: Sobrante | D30: =D28-D29 -> 1625 | E30: =E28-E29 -> 1625 | F30: =F28-F29 -> 1625 | G30: =G28-G29 -> 2525 | H30: =H28-H29 -> 1625 | I30: =I28-I29 -> 1625 | J30: =J28-J29 -> 1625 | K30: =K28-K29 -> 1625 | ... P30: =P28-P29 -> 19200
B31: Sobrante acumulado | D31: =SUM($D$30:D30) -> 1625 | E31: =SUM($D$30:E30) -> 3250 | F31: =SUM($D$30:F30) -> 4875 | G31: =SUM($D$30:G30) -> 7400 | H31: =SUM($D$30:H30) -> 9025 | I31: =SUM($D$30:I30) -> 10650 | J31: =SUM($D$30:J30) -> 12275 | K31: =SUM($D$30:K30) -> 13900 | ... O31: =SUM($D$30:O30) -> 19200

Sheet Cómo usar
A1: Cómo usar esta hoja
A3: 1. Cada país tiene su pestaña, en su moneda. Para planear otro país, cámbiale el nombre a la pestaña, por ejemplo Colombia (COP).
A4: 2. Cambia las cifras de ejemplo, en azul, por las tuyas, mes por mes. Deja el mes vacío cuando no haya nada.
A5: 3. Agrega líneas arriba de los totales y elige Ingreso o Gasto en la columna Tipo. Las líneas sin cifras no se importan.
A6: 4. La pestaña Resumen suma cada país y los dos juntos. Ahí ajustas el tipo de cambio y la moneda.
A7: 5. Para pasarla a BudgetPro, primero agrega cada país a tu presupuesto.
A8: 6. Luego abre Importar en BudgetPro y suelta el archivo. En Google Sheets, primero elige Archivo > Descargar > Microsoft Excel (.xlsx). Las líneas entran en el año del presupuesto que tengas abierto.
